 Dungeon Crawl Stone Soup version 0.29-a0-473-gacb4ef3bc5 (webtiles) character file.

Game seed: 9438727486897995946

2054 KristoblXynda the Ruffian (level 9, 0/81 HPs)
             Began as a White Draconian Monk on May 23, 2022.
             Was an Initiate of Gozag.
             Constricted to death by a naga (5 damage)
             ... on level 1 of the Abyss.
             The game lasted 00:09:03 (7663 turns).

KristoblXynda the Ruffian (White Draconian Monk)    Turns: 7663, Time: 00:09:04

Health: 0/81       AC:  9    Str: 15    XL:     9   Next: 5%
Magic:  9/9        EV: 12    Int: 13    God:    Gozag
Gold:   468        SH:  0    Dex: 14    Spells: 8/8 levels left

rFire   . . .      SeeInvis .     - Unarmed
rCold   + . .      Faith    .   (no shield)
rNeg    . . .      Spirit   .   (body armour unavailable)
rPois   +          Reflect  .   (helmet restricted)
rElec   +          Harm     .   l - +0 cloak
rCorr   .          Rampage  .   (no gloves)
Will    .....                   c - +0 pair of boots
Stlth   ++........              m - amulet of the Blue Skies {RegenMP rElec}
HPRegen 0.23/turn               i - ring of poison resistance
MPRegen 0.51/turn               (no ring)

@: constricted
A: breathe frost, AC +7, unfitting armour, cold resistance 1, cold-blooded
a: Breathe Frost, Renounce Religion, Potion Petition, Call Merchant, Bribe
Branch


You were on level 1 of the Abyss.
You worshipped Gozag.
Gozag was aware of your devotion.
You visited 2 branches of the dungeon, and saw 7 of its levels.
You visited the Abyss 1 time.
You also visited: Ossuary.

You collected 692 gold pieces.
You spent 224 gold pieces at shops.

Inventory:

Armour
 c - a +0 pair of boots (worn)
 l - a +0 cloak (worn)
Jewellery
 b - a +6 ring of intelligence
 i - a ring of poison resistance (left hand)
 m - the amulet of the Blue Skies (around neck) {RegenMP rElec}
   (You found it on level 3 of the Dungeon)

   [amulet of magic regeneration]

   It increases your rate of magic regeneration.
   rElec:     It insulates you from electricity.
 n - a ring of magical power
Wands
 h - a wand of iceblast (2)
Scrolls
 d - a scroll of fear
 f - a scroll of brand weapon {unknown}
 j - 6 scrolls of teleportation
 r - a scroll of fog
 s - 2 scrolls of magic mapping
 t - a scroll of immolation {unknown}
 y - a scroll of vulnerability {unknown}
 B - a scroll of amnesia
Potions
 a - 2 potions of ambrosia
 e - 4 potions of magic
 g - 3 potions of curing
 k - a potion of berserk rage
 o - 3 potions of brilliance
 p - a potion of heal wounds
 q - a potion of haste
 u - a potion of invisibility
 v - 4 potions of mutation
 w - a potion of might
 x - a potion of resistance
 A - a potion of flight


   Skills:
 + Level 7.8 Fighting
 + Level 6.8 Dodging
 - Level 1.7 Stealth
 + Level 7.8 Unarmed Combat


You had 8 spell levels left.
You didn't know any spells.
Your spell library contained the following spells:

 Spells                   Type           Power      Damage    Failure   Level
 Apportation              Tloc           0%         N/A       30%         1
 Beastly Appendage        Tmut           0%         N/A       30%         1
 Necrotize                Necr           0%         1d4       30%         1
 Summon Small Mammal      Summ           0%         N/A       30%         1
 Wereblood                Tmut           0%         N/A       43%         2
 Portal Projectile        Hex/Tloc       0%         N/A       67%         3
 Spider Form              Tmut/Pois      0%         N/A       67%         3
 Tukima's Dance           Hex            0%         N/A       67%         3
 Vampiric Draining        Necr           0%         2d6       67%         3
 Dispel Undead            Necr           0%         3d6       97%         4
 Agony                    Necr           0%         N/A       100%        5
 Blade Hands              Tmut           0%         N/A       100%        5
 Death Channel            Necr           0%         N/A       100%        6
 Corpse Rot               Necr/Pois/Air  Unusable   N/A       N/A         4

Dungeon Overview and Level Annotations

Branches:
Dungeon (6/15)             Temple (1/1) D:5         Ossuary (visited)

Altars:
Ashenzari
Cheibriados
Elyvilon
Gozag
Hepliaklqana
Kikubaaqudgha
Makhleb
Nemelex Xobeh
Ru
Trog
Uskayaw
Vehumet
Wu Jian
Xom
Yredelemnul
Zin
The Shining One

Shops:
D:2 (   D:5 !

Portals:
Abyss: D:4

Annotations:
D:2 Natasha


Innate Abilities, Weirdness & Mutations

You can breathe waves of freezing cold which knock back foes.
Your icy white scales are hard. (AC +7)
You cannot fit into any form of body armour.
Your flesh is cold resistant. (rC+)
You are cold-blooded and may be slowed by cold attacks.


Message History

You feel sick. The naga barely misses you. The naga constricts you.
You hit the naga.
The naga is severely wounded.
You barely miss the naga.
The naga is severely wounded.
You feel sick. The naga spits poison at you. The splash of poison misses you.
The naga constricts you.
You hit the naga but do no damage.
The naga is severely wounded.
You feel sick. The naga closely misses you. The naga constricts you.
You punch the naga!
The naga is almost dead.
You feel sick. The naga hits you with a +0 flail. The naga constricts you.
You hit the naga but do no damage.
The naga is almost dead.
You feel sick.
You are no longer poisoned.
The naga hits you with a +0 flail!
* * * LOW HITPOINT WARNING * * *
The naga constricts you.
* * * LOW HITPOINT WARNING * * *
You hit the naga but do no damage. You punch the naga, but do no damage.
The naga is almost dead.
The naga hits you with a +0 flail!
* * * LOW HITPOINT WARNING * * *
The naga constricts you.
* * * LOW HITPOINT WARNING * * *
Unknown command.
You feel much better. The naga spits poison at you.
The splash of poison hits you but does no damage.
You are poisoned.
You resist. The naga constricts you.
* * * LOW HITPOINT WARNING * * *
You feel better. The naga hits you with a +0 flail!!
* * * LOW HITPOINT WARNING * * *
The naga constricts you.
You die...
Your body crumbles into a pile of gold.

... ... . . ...
.# #. ##.# .# .≈
##.≈## ..# #
....#≈...# ..#
.# ....≈≈.N#≈#N
#..# #≈≈.@.# .≈
##≈# #≈##.##≈#
..≈ .≈. ##.# #..
.. #..### ≈. ..
#.. .........
.....######...#.
. .. #. ... ..
## #.≈. ## #. #
..####


You could see a naga (catching breath).

Vanquished Creatures
  Grinder (D:4)
  Sigmund (D:2)
  An ice beast (D:5)
  The ghost of blade888 the Skirmisher, an amateur MiFi of Dithmenos (D:3)
  A small abomination (D:4)
  3 ogres
  A kobold brigand (D:4)
  A bullfrog (D:6)
  2 wights (D:6)
  3 killer bees (D:6)
  The ghost of Bruhh the Magician, a weakling DjFE (D:4)
  A howler monkey (D:6)
  2 orc priests
  A jelly (D:6)
  A human zombie (D:6)
  Crazy Yiuf (D:2)
  2 hounds (D:5)
  An iron imp (D:4)
  Jessica (D:3)
  An iguana (D:5)
  Natasha (D:2)
  3 orc wizards
  8 mummies (Ossuary)
  Robin (D:4)
  6 gnolls
  6 adders
  3 white imps
  3 worms
  5 dart slugs
  7 orcs
  6 bats
  4 endoplasms
  5 giant cockroaches
  15 goblins
  11 hobgoblins
  4 jackals (D:2)
  3 quokkas
  11 ball pythons
  A gnoll zombie (Ossuary)
  3 hobgoblin zombies (Ossuary)
  5 kobolds
  3 kobold zombies (Ossuary)
  An orc zombie (Ossuary)
  7 rats
149 creatures vanquished.

Vanquished Creatures (others)
  A plant (D:3)
1 creature vanquished.

Grand Total: 150 creatures vanquished

Notes
Turn   | Place    | Note
-------+----------+-------------------------------------------
     0 | D:1      | KristoblXynda the Draconian Monk began the quest for the
                  | Orb.
     0 | D:1      | Reached XP level 1. HP: 19/19 MP: 1/1
   234 | D:1      | Reached XP level 2. HP: 16/26 MP: 2/2
   360 | D:1      | Found a faded altar of an unknown god.
   812 | D:2      | Reached XP level 3. HP: 33/33 MP: 3/3
  1078 | D:2      | Noticed Sigmund
  1105 | D:2      | Killed Sigmund
  1106 | D:2      | Reached XP level 4. HP: 16/40 MP: 4/4
  1106 | D:2      | Reached XP level 5. HP: 18/46 MP: 5/5
  1370 | D:2      | Found Malerr's Weapon Shop.
  1692 | D:2      | Found a runed translucent door.
  1693 | D:2      | Noticed Crazy Yiuf
  2009 | D:2      | Noticed Natasha
  2037 | D:2      | Killed Natasha
  2038 | D:2      | Reached skill level 5 in Unarmed Combat
  2056 | D:2      | Reached XP level 6. HP: 29/53 MP: 6/6
  2310 | D:2      | Noticed Natasha
  2420 | D:2      | Killed Crazy Yiuf
  2768 | D:3      | Identified the amulet of the Blue Skies {RegenMP rElec}
  2859 | D:3      | Found a hazy altar of Hepliaklqana.
  2908 | D:3      | Found a runed translucent gate.
  2909 | D:3      | Found a runed translucent gate.
  2909 | D:3      | Found a runed translucent gate.
  2910 | D:3      | Noticed blade888's ghost (amateur MiFi)
  3292 | D:3      | Noticed Jessica
  3308 | D:3      | Killed Jessica
  3706 | D:3      | Killed blade888's ghost
  3707 | D:3      | Reached skill level 5 in Fighting
  4020 | D:4      | Your scales start taking on an icy white colour.
  4020 | D:4      | Reached XP level 7. HP: 61/61 MP: 7/7
  4020 | D:4      | Gained mutation: Your flesh is cold resistant. (rC+) [White
                  | Draconian growth]
  4142 | D:4      | Noticed Grinder
  4151 | D:4      | Paralysed by Grinder for 3 turns
  4157 | D:4      | Paralysed by Grinder for 4 turns
  4166 | D:4      | Paralysed by Grinder for 5 turns
  4171 | D:4      | Killed Grinder
  4172 | D:4      | Reached skill level 5 in Dodging
  4176 | D:4      | Found a one-way gate to the infinite horrors of the Abyss.
  4176 | D:4      | Noticed Bruhh's ghost (weakling DjFE)
  4277 | D:4      | Found a transporter.
  4671 | D:4      | Noticed Robin
  4679 | D:4      | Killed Robin
  4790 | D:4      | Found a transporter.
  5017 | D:4      | Reached XP level 8. HP: 46/70 MP: 8/8
  5034 | D:4      | Killed Bruhh's ghost
  5362 | D:5      | Entered Level 5 of the Dungeon
  5704 | D:5      | Found a shimmering altar of Xom.
  5711 | D:5      | Found a radiant altar of Vehumet.
  5714 | D:5      | Found a glowing golden altar of the Shining One.
  5865 | D:5      | Identified the +1 scale mail "Ytid" {Int-3 Dex+5}
  6288 | D:5      | Found Iheac's Distillery.
  6297 | D:5      | Bought a potion of invisibility for 112 gold pieces
  6297 | D:5      | Bought a potion of mutation for 112 gold pieces
  6311 | D:5      | Found a burning altar of Makhleb.
  6313 | D:5      | Noticed a blizzard demon
  6473 | D:5      | Found a staircase to the Ecumenical Temple.
  6563 | Temple   | Entered the Ecumenical Temple
  6735 | Temple   | Became a worshipper of Gozag Ym Sagoz the Greedy
  6815 | D:6      | Found a white marble altar of Elyvilon.
  6864 | D:6      | Found a sand-covered staircase.
  6888 | Ossuary  | Entered an ossuary
  7385 | D:6      | Reached XP level 9. HP: 72/81 MP: 9/9
  7572 | D:6      | Cast into level 1 of the Abyss (wight)
  7572 | Abyss:1  | Found a corrupted altar of Lugonu.
  7634 | Abyss:1  | Noticed a naga warrior
  7661 | Abyss:1  | HP: 2/81 [naga/+0 flail (17)]
  7663 | Abyss:1  | Constricted to death by a naga

Illustrated notes

Levels and vault maps discovered:
D:1:      evilmike_arrival_fibonacci_small, layout_basic,
          ebering_ecumenical_altar_ruins
D:2:      layout_loops_corners, serial_shops, nicolae_shop_trees,
          chequers_serial_rivers_micro_d, uniq_sigmund, uniq_natasha,
          uniq_crazy_yiuf_cottage
D:3:      layout_loops_ring, lemuel_coloured_pillars_altar, serial_bayou,
          serial_bayou_shore_b, serial_bayou_pond_c, serial_bayou_pond_b,
          serial_bayou_shore_b, ebering_ghost_rock_garden, grunt_decor_cap,
          nrook_campfire, serial_park_tiny_1, uniq_jessica
D:4:      layout_basic, gammafunk_ghost_abyssal_escape, grunt_ministairs_13,
          minmay_misc_feat_alley, minivault_23, uniq_grinder, uniq_robin
D:5:      layout_loops_ring, makhleb_altar_promises_db,
          minmay_overflow_temple_star_quad,
          minmay_temple_entry_drinking_statues, serial_shops,
          nicolae_diamond_shop
D:6:      layout_basic, mainiacjoe_overflow_tiny_flanked, enter_ossuary_3
Temple:   bh_familiar_temple
Abyss:1:  base:
Temple

Skill      XL: |  1  2  3  4  5  6  7  8 |
---------------+-------------------------+-----
Dodging        | 3 4 5 6 |  6.8
Fighting       | 4 5 6 7 |  7.8
Unarmed Combat | 4 5 6 7 |  7.8
Stealth        | |  1.7

Action                   |  1- 3 |  4- 6 |  7- 9 || total
-------------------------+-------+-------+-------++-------
Melee: Unarmed           |   103 |   136 |   291 ||   530
       Tailslap          |     9 |    14 |    54 ||    77
       Punch             |     2 |     2 |    23 ||    27
Evoke: Wand              |       |     1 |     6 ||     7
  Use: Potion            |     3 |     1 |     8 ||    12
       Scroll            |     2 |       |    10 ||    12
 Stab: Sleeping          |     3 |     4 |     5 ||    12
       Distracted        |       |       |     1 ||     1
Armor: Skin              |    41 |    24 |    94 ||   159
Dodge: Dodged            |    81 |    74 |   160 ||   315

Table legend: (Time is in decaauts)
 A = Elapsed time spent in this place.
 B = Non-inter-level travel time spent in this place.
 C = Inter-level travel time spent in this place.
 D = Time resting spent in this place.
 E = Time spent auto-exploring this place.
 F = Levels seen in this place.
 G = Mean time per level.
                   A        B        C        D        E       F      G
               +--------+--------+--------+--------+--------+-----+--------+
         Total |   7607 |   7394 |    213 |   2237 |   3897 |   9 |  845.2 |
       Dungeon |   7103 |   6903 |    200 |   2219 |   3556 |   6 | 1183.8 |
        Temple |    186 |    173 |     13 |      0 |    168 |   1 |  186.0 |
         Abyss |     89 |     89 |      0 |      5 |     61 |   1 |   89.0 |
       Ossuary |    228 |    228 |      0 |     13 |    112 |   1 |  228.0 |
               +--------+--------+--------+--------+--------+-----+--------+

Top non-repeatable levels by time:
     D:2: 1696 daAuts
     D:4: 1628 daAuts
     D:3: 1458 daAuts
     D:5: 978 daAuts
     D:1: 783 daAuts
     D:6: 558 daAuts
 Ossuary: 228 daAuts
  Temple: 186 daAuts
 Abyss:1: 89 daAuts
